 Dungeon Crawl Stone Soup version 0.28.0-43-g3370ac3207 (webtiles) character file.

Game seed: 16909013852514168826

22575 pkoi the Scorcher (level 12, -5/81 HPs)
             Began as a Red Draconian Fire Elementalist on Mar 10, 2022.
             Was a Priest of Sif Muna.
             Slain by a cane toad (14 damage)
             ... on level 4 of the Lair of Beasts.
             The game lasted 00:32:18 (23917 turns).

pkoi the Scorcher (DrFE)                           Turns: 23917, Time: 00:32:19

Health: -5/81      AC: 15    Str: 10    XL:     12   Next: 64%
Magic:  6/32       EV: 12    Int: 21    God:    Sif Muna [***...]
Gold:   769        SH:  0    Dex: 12    Spells: 1/26 levels left

rFire   + + .      SeeInvis .   j - staff of fire
rCold   . . .      Faith    .   (no shield)
rNeg    . . .      Spirit   .   (armour unavailable)
rPois   .          Reflect  .   (helmet restricted)
rElec   .          Harm     .   s - +1 cloak
rCorr   .          Rampage  .   (no gloves)
Will    .....                   D - +0 pair of boots
Stlth   ++........              B - amulet of the acrobat
HPRegen 0.23/turn               z - ring of magical power
MPRegen 0.23/turn               i - +4 ring of protection

@: short of breath
A: breathe fire, AC +8, unfitting armour, fire resistance 1, cold-blooded
a: Breathe Fire, Renounce Religion, Channel Magic, Forget Spell


You were on level 4 of the Lair of Beasts.
You worshipped Sif Muna.
Sif Muna was most pleased with you.
You visited 3 branches of the dungeon, and saw 16 of its levels.

You collected 769 gold pieces.

Inventory:

Hand Weapons
 b - a +0 club
 d - a +0 whip of electrocution
 f - a +0 whip of electrocution
 h - a +0 dagger of draining
 l - a +0 war axe of flaming
 G - the +11 long sword of Qacopenuu {pain, Dex+3}
   (You found it on level 2 of the Lair of Beasts)

   In the hands of one skilled in necromantic magic, it inflicts extra damage on
   living creatures.
   Dex:       It affects your dexterity (+3).
Armour
 s - a +1 cloak (worn)
 D - a +0 pair of boots (worn)
Magical Staves
 j - a staff of fire (weapon)
Jewellery
 e - a +4 ring of evasion
 i - a +4 ring of protection (right hand)
 m - a ring of flight
 x - an amulet of magic regeneration
 z - a ring of magical power (left hand)
 B - an amulet of the acrobat (around neck)
 K - an amulet of guardian spirit
 L - an amulet of faith
Wands
 c - a wand of charming (13)
 q - a wand of polymorph (13)
 t - a wand of iceblast (5)
 y - a wand of flame (12)
 E - a wand of mindburst (5)
Scrolls
 k - 2 scrolls of holy word
 o - a scroll of enchant armour
 u - 3 scrolls of teleportation
 v - 2 scrolls of identify
 H - a scroll of summoning
 I - a scroll of blinking
 J - 3 scrolls of magic mapping
 M - a scroll of silence
Potions
 a - 3 potions of haste
 g - 2 potions of attraction
 n - 3 potions of heal wounds
 p - a potion of ambrosia
 r - 3 potions of curing
 w - 2 potions of might
 A - a potion of invisibility
 C - a potion of magic
 F - 2 potions of lignification


   Skills:
 - Level 1.7 Dodging
 - Level 1.7 Stealth
 + Level 7.6 Spellcasting
 + Level 12.3 Conjurations
 - Level 6.0 Hexes
 - Level 6.0 Translocations
 - Level 15.6 Fire Magic


You had one spell level left.
You knew the following spells:

 Your Spells              Type           Power      Damage    Failure   Level
a - Foxfire               Conj/Fire      100%       2x1d9     1%          1
b - Scorch                Fire           100%       2d10      1%          2
c - Inner Flame           Hex/Fire       68%        N/A       1%          3
d - Sticky Flame          Conj/Fire      79%        2d9       1%          4
e - Flame Wave            Conj/Fire      79%        2d14      1%          4
f - Apportation           Tloc           66%        N/A       1%          1
g - Iskenderun's Mystic   Conj/Tloc      46%        2d10      1%          4
h - Starburst             Conj/Fire      39%        6d11      4%          6

Your spell library contained the following spells:

 Spells                   Type           Power      Damage    Failure   Level
 Animate Skeleton         Necr           16%        N/A       9%          1
 Summon Small Mammal      Summ           32%        N/A       9%          1
 Conjure Flame            Conj/Fire      79%        6-21      1%          3
 Dazzling Flash           Conj/Hex       92%        N/A       1%          3
 Tukima's Dance           Hex            33%        N/A       1%          3
 Ensorcelled Hibernation  Hex/Ice        40%        N/A       3%          2
 Ignite Poison            Fire/Tmut/Pois 44%        N/A       3%          3
 Cause Fear               Hex            16%        N/A       7%          4
 Spider Form              Tmut/Pois      8%         N/A       24%         3
 Anguish                  Hex/Necr       10%        N/A       24%         4
 Enfeeble                 Hex            16%        N/A       99%         7
 Dragon Form              Tmut           4%         N/A       100%        7
 Dragon's Call            Summ           4%         N/A       100%        9


Dungeon Overview and Level Annotations

Branches:
Dungeon (9/15)             Temple (1/1) D:7            Lair (6/6) D:8
 Spider (0/4) Lair:3        Slime (0/5) Lair:6
  Swamp: Lair:2-4    Shoals: Lair:2-4       Orc: D:9-12

Altars:
Ashenzari
Cheibriados
Dithmenos
Elyvilon
Fedhas
Gozag
Hepliaklqana
Kikubaaqudgha
Makhleb
Nemelex Xobeh
Okawaru
Qazlal
Ru
Sif Muna
Trog
Uskayaw
Vehumet
Wu Jian
Xom
Yredelemnul
The Shining One
Jiyva

Shops:
D:6 [   D:9 :

Annotations:
Lair:1 3 runed translucent doors, Quet's ghost, journeyman VSBe; avis's ghost, journeyman VSTm
Lair:6 1 runed translucent door


Innate Abilities, Weirdness & Mutations

You can breathe blasts of fire.
Your fiery red scales are hard. (AC +8)
You cannot fit into any form of body armour.
Your flesh is heat resistant. (rF+)
You are cold-blooded and may be slowed by cold attacks.


Message History

Flame seeps out of the elephant.
The elephant tramples you!
* * * LOW HITPOINT WARNING * * *
You stumble backwards!
You hit the elephant but do no damage.
Flame seeps out of the elephant.
You tail-slap the elephant.
The elephant is severely wounded.
The elephant is engulfed in blazing flames.
Flame seeps out of the elephant.
The elephant tramples you!
* * * LOW HITPOINT WARNING * * *
You hold your ground!
The elephant closely misses you.
Casting: Scorch (safe; 1% risk of failure)
Press: ? - help, Q - select action, (/) - cycle Dir - look around, f - activate You feel a surge of power!
Flames lash the cane toad.
The cane toad is moderately wounded.
The cane toad's fire resistance burns away.
The elephant is no longer more vulnerable to fire.
The elephant is engulfed in blazing flames.
Sif Muna accepts your kill.
The elephant explodes!
The fiery explosion engulfs you! You resist.
* * * LOW HITPOINT WARNING * * *
The fiery explosion engulfs the plant!!!
The plant begins to die.
The plant is moderately damaged.
Unknown command.
The cane toad stings you.
* * * LOW HITPOINT WARNING * * *
Casting: Scorch (safe; 1% risk of failure)
Confirm with . or Enter, or press ? or * to list all spells.
Aiming: Sticky Flame (safe; 1% risk of failure)
Press: ? - help, Shift-Dir - straight line, f - cane toad
Aim: a cane toad (moderately wounded, more vulnerable to fire, 100% to hit)
You feel a surge of power!
The sticky flame hits the cane toad!!
The cane toad is burned terribly!
The cane toad is almost dead.
The cane toad is covered in liquid flames!
The cane toad burns!
The cane toad is engulfed in blazing flames.
The cane toad stings you!
You die...

..... #........ ##...
##....P... .. #....##### .
##...# #...# #..## #...#
.. #...# ...# #.@##
.....#.FP# ##...#
..##..F§# ##P...#
.......§.## ##....#
.......§#.# ......#
....#....○†......
......###...###....°.....P
............ #...........#
......>...|.#(....#.[.##.#


You could see 2 cane toads.

Vanquished Creatures
  A catoblepas (Lair:6)
  2 hydras
  13 elephants
  A black mamba (Lair:1)
  4 cane toads
  A rime drake (Lair:5)
  4 komodo dragons
  2 polar bears
  Prince Ribbit (Lair:2)
  Grinder (D:5)
  12 blink frogs
  19 yaks
  A culicivora (Lair:3)
  A jumping spider (Lair:3)
  A wyvern (Lair:4)
  2 basilisks
  2 redbacks (Lair:3)
  A steam dragon (D:7)
  Menkaure (D:4)
  Edmund (D:4)
  An acid dragon (D:8)
  11 water moccasins
  A sky beast (D:7)
  6 orc warriors
  A necrophage (D:3)
  A black bear (D:8)
  3 ogres
  13 wolves
  3 centaurs
  2 phantoms
  14 bullfrogs
  3 scorpions
  2 wyvern skeletons
  8 killer bees
  A water moccasin skeleton (D:6)
  3 wights (D:7)
  A bullfrog zombie (D:5)
  A hound (D:5)
  5 orc priests
  Crazy Yiuf (D:4)
  A bullfrog skeleton (D:6)
  A gnoll shaman (D:6)
  2 jellies (D:6)
  2 centaur skeletons
  Ijyb (D:5)
  An iguana (D:5)
  13 orc wizards
  Natasha (thrice) (D:4)
  2 hound skeletons (D:4)
  9 adders
  7 gnolls
  An ufetubus (D:6)
  An adder skeleton (D:5)
  A worm (D:3)
  2 dart slugs
  37 orcs
  6 endoplasms
  A giant cockroach (D:4)
  10 goblins
  6 hobgoblins
  3 jackals (D:2)
  3 quokkas
  3 ball pythons (D:3)
  4 bats
  2 frilled lizards (D:1)
  6 kobolds
  A rat (D:3)
281 creatures vanquished.

Vanquished Creatures (others)
  194 foxfires
  48 fungi
  46 plants
288 creatures vanquished.

Grand Total: 569 creatures vanquished

Notes
Turn   | Place    | Note
-------+----------+-------------------------------------------
     0 | D:1      | pkoi the Draconian Fire Elementalist began the quest for
                  | the Orb.
     0 | D:1      | Reached XP level 1. HP: 14/14 MP: 3/3
   735 | D:1      | Reached XP level 2. HP: 12/20 MP: 1/5
  1166 | D:1      | Found a faded altar of an unknown god.
  1859 | D:2      | Reached XP level 3. HP: 26/26 MP: 2/6
  1900 | D:2      | Learned a level 2 spell: Scorch
  1904 | D:2      | Learned a level 3 spell: Inner Flame
  2027 | D:2      | Found a broken altar of Ashenzari.
  3304 | D:2      | Reached XP level 4. HP: 33/33 MP: 0/8
  3733 | D:3      | Reached skill level 1 in Hexes
  3733 | D:3      | Reached skill level 4 in Fire Magic
  4600 | D:4      | Reached XP level 5. HP: 34/38 MP: 2/9
  5022 | D:4      | Noticed Edmund
  5063 | D:4      | Noticed a necrophage
  5070 | D:3      | Killed a necrophage
  5345 | D:3      | Reached XP level 6. HP: 42/45 MP: 7/10
  5561 | D:4      | Found a shadowy altar of Dithmenos.
  5567 | D:4      | Reached skill level 5 in Fire Magic
  6336 | D:4      | Noticed Natasha
  6342 | D:4      | Killed Natasha
  6384 | D:4      | Found a runed translucent door.
  6385 | D:4      | Noticed Crazy Yiuf
  6440 | D:4      | Noticed Natasha
  6467 | D:4      | HP: 2/45 [Edmund/+0 flail of holy wrath (10)]
  6474 | D:4      | Killed Edmund
  6915 | D:4      | Noticed Menkaure
  7075 | D:4      | Killed Natasha
  7149 | D:4      | Killed Menkaure
  7150 | D:4      | Reached skill level 6 in Fire Magic
  7150 | D:4      | Your scales start taking on a fiery red colour.
  7150 | D:4      | Reached skill level 7 in Fire Magic
  7150 | D:4      | Reached XP level 7. HP: 50/50 MP: 6/11
  7150 | D:4      | Gained mutation: Your flesh is heat resistant. (rF+) [Red
                  | Draconian growth]
  7302 | D:4      | Noticed Natasha
  7310 | D:4      | Killed Natasha
  7425 | D:4      | Killed Crazy Yiuf
  7495 | D:5      | Entered Level 5 of the Dungeon
  7910 | D:5      | Noticed Ijyb
  7915 | D:5      | Reached skill level 8 in Fire Magic
  7924 | D:5      | Killed Ijyb
  8011 | D:5      | Learned a level 4 spell: Sticky Flame
  8039 | D:5      | Reached XP level 8. HP: 57/57 MP: 7/12
  8573 | D:5      | Noticed Grinder
  8578 | D:5      | Killed Grinder
  8579 | D:5      | Reached skill level 5 in Conjurations
  8579 | D:5      | Reached skill level 9 in Fire Magic
  9237 | D:6      | Reached skill level 10 in Fire Magic
  9547 | D:6      | Found Noisi's Antique Armour Shoppe.
  9563 | D:6      | Reached XP level 9. HP: 61/62 MP: 7/13
  9643 | D:6      | Reached skill level 5 in Hexes
  9675 | D:6      | Learned a level 4 spell: Flame Wave
 10051 | D:6      | Reached skill level 11 in Fire Magic
 10764 | D:7      | Reached skill level 12 in Fire Magic
 11050 | D:7      | Found a staircase to the Ecumenical Temple.
 11065 | Temple   | Entered the Ecumenical Temple
 11225 | Temple   | Became a worshipper of Sif Muna the Loreminder
 12485 | D:7      | Learned a level 1 spell: Apportation
 12953 | D:7      | Reached XP level 10. HP: 69/69 MP: 7/15
 13406 | D:7      | Reached skill level 1 in Translocations
 14566 | D:8      | Reached * piety under Sif Muna
 15386 | D:8      | Found a staircase to the Lair.
 16008 | D:9      | Found Xufus's Book Emporium.
 16015 | D:9      | Reached skill level 5 in Spellcasting
 16015 | D:9      | Reached skill level 13 in Fire Magic
 16458 | Lair:1   | Entered Level 1 of the Lair of Beasts
 16496 | Lair:1   | Noticed a black mamba
 16506 | Lair:1   | Killed a black mamba
 17213 | Lair:1   | Found a runed translucent gate.
 17213 | Lair:1   | Found a runed translucent gate.
 17570 | Lair:1   | Found a broken altar of Ashenzari.
 17611 | Lair:1   | Found a runed translucent gate.
 17612 | Lair:1   | Noticed avis's ghost (journeyman VSTm)
 17612 | Lair:1   | Noticed Quet's ghost (journeyman VSBe)
 17612 | Lair:1   | Found the +8 whip "Snakebite" {venom, curare, rPois}
 17668 | Lair:1   | Reached XP level 11. HP: 53/74 MP: 20/20
 18564 | Lair:2   | Noticed a four-headed hydra
 18569 | Lair:2   | Killed a three-headed hydra
 18788 | Lair:2   | Identified the +11 long sword of Qacopenuu {pain, Dex+3}
 19066 | Lair:2   | Reached skill level 14 in Fire Magic
 19431 | Lair:2   | Noticed Prince Ribbit
 19478 | Lair:2   | HP: 1/74 [Prince Ribbit (3)]
 19827 | Lair:2   | Killed Prince Ribbit
 20546 | Lair:3   | Reached skill level 10 in Conjurations
 21047 | Lair:3   | Reached skill level 15 in Fire Magic
 21173 | Lair:3   | Reached ** piety under Sif Muna
 21389 | Lair:3   | Found a hole to the Spider Nest.
 21401 | Lair:3   | Learned a level 4 spell: Iskenderun's Mystic Blast
 21987 | Lair:4   | You fall into a shaft and drop 2 floors!
 21987 | Lair:6   | Entered Level 6 of the Lair of Beasts
 22089 | Lair:6   | Noticed a catoblepas
 22105 | Lair:6   | Killed a catoblepas
 22235 | Lair:6   | Found a runed translucent door.
 22235 | Lair:6   | Found a viscous altar of Jiyva.
 22235 | Lair:6   | Noticed an azure jelly
 22236 | Lair:6   | Found a staircase to the Slime Pits.
 22236 | Lair:6   | Noticed an azure jelly
 22362 | Lair:6   | Reached XP level 12. HP: 37/81 MP: 13/21
 22928 | Lair:5   | Reached skill level 5 in Translocations
 23409 | Lair:4   | Learned a level 6 spell: Starburst
 23895 | Lair:4   | Noticed a four-headed hydra
 23905 | Lair:4   | Killed a four-headed hydra
 23905 | Lair:4   | Reached *** piety under Sif Muna
 23917 | Lair:4   | Slain by a cane toad

Illustrated notes

Levels and vault maps discovered:
D:1:      nicolae_arrival_somewhat_less_tricky_arrival, layout_basic,
          hellmonk_ecumenical_altar_slurped_away, minmay_misc_feat_rugged
D:2:      layout_basic, basic_altar, serial_bayou_pond_d
D:3:      layout_rooms
D:4:      layout_rooms, nicolae_dithmenos_shadow_blocks, serial_aquarium,
          aquarium_bridge_straight [aquarium_subvault_bridge,
          aquarium_subvault_window, aquarium_subvault_bridge,
          aquarium_subvault_window], aquarium_window_2, aquarium_window_fake,
          aquarium_view_2a, aquarium_view_2c, aquarium_balcony_3a,
          aquarium_pool_double, grunt_ministairs_15,
          nicolae_elevator_lobby_asterisk, uniq_crazy_yiuf_cottage,
          uniq_natasha, uniq_menkaure, uniq_edmund
D:5:      layout_basic, uniq_grinder, uniq_ijyb
D:6:      layout_cave_pools, kennysheep_windowed_goal
D:7:      corexii_shack_village, layout_basic,
          minmay_temple_entry_drinking_statues
D:8:      layout_loops_corners, grunt_lair_entry_orc_guard_hut
D:9:      layout_basic, mainiacjoe_overflow_catwalk,
          gammafunk_ghost_berserking_beasts, serial_shops, nicolae_shop_stone,
          nicolae_stop_n_shop_1, eino_tiny_chamber
Temple:   regret_index_temple_chain_breaker
Lair:1:   layout_long_grid, basic_altar, gammafunk_ghost_cemetery
Lair:2:   layout_long_grid, uniq_prince_ribbit2
Lair:3:   layout_roguey, spider_nest_entry_funnel_web
Lair:4:   layout_long_grid, minmay_shoals_entry_hut, beast_lair_carwin_6
Lair:5:   layout_hall_layers, grunt_megastairs_3
Lair:6:   hellmonk_lair_end_abyssal_woods, layout_gridlike, slime_altar_2,
          lemuel_fruit_tree

Skill      XL: |  1  2  3  4  5  6  7  8  9 10 11 12 |
---------------+-------------------------------------+-----
Conjurations   | 2 3 4 5 7 9 11 12 | 12.3
Hexes          | 1 2 3 4 6 |  6.0
Fire Magic     | 4 7 8 10 12 13 15 | 15.6
Spellcasting   | 3 6 7 |  7.6
Translocations | 1 3 6 |  6.0
Dodging        | |  1.7
Stealth        | |  1.7

Action                   |  1- 3 |  4- 6 |  7- 9 | 10-12 || total
-------------------------+-------+-------+-------+-------++-------
Melee: Club              |     5 |       |       |       ||     5
       Tailslap          |     5 |     4 |     6 |     7 ||    22
       Unarmed           |     2 |       |       |       ||     2
       Whip              |     2 |       |       |       ||     2
       Dagger            |    16 |     3 |       |       ||    19
       War axe           |       |    27 |    56 |    27 ||   110
       Punch             |       |     2 |       |       ||     2
       Long sword        |       |       |       |    12 ||    12
       Staff             |       |       |       |    16 ||    16
 Cast: Foxfire           |    42 |    33 |    25 |    16 ||   116
       Scorch            |    12 |    51 |    78 |   123 ||   264
       Inner Flame       |       |       |    20 |    64 ||    84
       Flame Wave        |       |       |       |    11 ||    11
       Sticky Flame      |       |       |       |    10 ||    10
 Abil: Breathe Fire      |       |       |    10 |    14 ||    24
  Use: Scroll            |     5 |     5 |     4 |    13 ||    27
 Stab: Petrified         |       |       |       |     3 ||     3
Armor: Skin              |     5 |    23 |    27 |    98 ||   153
Dodge: Dodged            |    19 |    84 |    95 |   154 ||   352
